 Dungeon Crawl Stone Soup version 0.27-a0-1595-g0b823d0a13 (webtiles) character file.

Game seed: 16935165312626815286

11697 lunkers the Unseen (level 11, -1/90 HPs)
             Began as a Vampire Delver on July 20, 2021.
             Was an Elder of Dithmenos.
             Slain by a flying skull (6 damage)
             ... in a Gauntlet.
             The game lasted 00:35:17 (13615 turns).

lunkers the Unseen (Vampire Delver)                Turns: 13615, Time: 00:35:18

Health: -1/90      AC: 11    Str: 11    XL:     11   Next: 52%
Magic:  0/11       EV: 16    Int: 12    God:    Dithmenos [****..]
Gold:   709        SH:  0    Dex: 20    Spells: 10/10 levels left

rFire    . . .     SeeInvis +   e - +0 dagger (elec)
rCold    + . .     Faith    .   (no shield)
rNeg     . . .     Spirit   +   N - +0 swamp dragon scales
rPois    +         Reflect  .   l - +0 helmet
rElec    .         Harm     .   (no cloak)
rCorr    .         Rampage  .   r - +2 pair of gloves
Will     +....     NoTele   +   (no boots)
Stlth    ++++++++..             H - amulet of guardian spirit
HPRegen  0.45/turn              j - ring of protection from cold
MPRegen  0.12/turn              n - ring of poison resistance

@: healing quickly, hasted, wreathed by umbra, very quick
A: alive, fangs 3, see invisible, vampiric 2
a: Exsanguinate, Renounce Religion, Shadow Step


You were in a Gauntlet.
You worshipped Dithmenos.
Dithmenos was greatly pleased with you.
You visited 2 branches of the dungeon, and saw 12 of its levels.
You also visited: Gauntlet.

You collected 709 gold pieces.

Inventory:

Hand Weapons
 a - a +2 dagger of venom
 e - a +0 dagger of electrocution (weapon)
 K - a +0 short sword
 L - a +2 dagger of venom
Missiles
 b - 43 poisoned darts
 D - 7 boomerangs of dispersal
 F - 10 atropa-tipped darts
 G - 3 throwing nets
 I - 8 curare-tipped darts
Armour
 l - a +0 helmet (worn)
 r - a +2 pair of gloves (worn)
 t - a +2 robe of fire resistance
 y - a +0 kite shield
 N - +0 swamp dragon scales (worn)
 P - the +5 chain mail of Tomorrow {rPois Int+3 SInv}
   (You found it on level 6 of the Dungeon)

   Int:       It affects your intelligence (+3).
   rPois:     It protects you from poison.
   SInv:      It lets you see invisible.
 Q - a +0 troll leather armour
Jewellery
 j - a ring of protection from cold (left hand)
 n - a ring of poison resistance (right hand)
 u - an amulet of magic regeneration
 v - a ring of positive energy
 H - an amulet of guardian spirit (around neck)
Wands
 g - a wand of digging (9)
 w - a wand of acid (6)
 O - a wand of iceblast (8)
 R - a wand of flame (9)
 U - a wand of paralysis (11)
Scrolls
 c - 3 scrolls of fog
 d - 5 scrolls of magic mapping
 i - a scroll of noise
 k - 3 scrolls of amnesia
 m - 2 scrolls of enchant armour
 o - 2 scrolls of enchant weapon
 p - 3 scrolls of summoning
 x - a scroll of acquirement {unknown}
 E - 2 scrolls of teleportation {unknown}
 J - a scroll of silence {unknown}
Potions
 f - a potion of mutation
 h - 2 potions of brilliance
 z - 5 potions of curing
 A - 2 potions of magic
 B - a potion of flight
 C - a potion of degeneration {unknown}
 M - a potion of cancellation {unknown}
 T - a potion of attraction {unknown}


   Skills:
 + Level 9.8 Fighting
 - Level 10.0 Short Blades
 + Level 9.5 Dodging
 + Level 15.3 Stealth


You had 10 spell levels left.
You didn't know any spells.
Your spell library contained the following spells:

 Spells                   Type           Power      Damage    Failure   Level
 Poisonous Vapours        Pois/Air       0%         N/A       77%         2
 Static Discharge         Conj/Air       0%         N/A       77%         2
 Mephitic Cloud           Conj/Pois/Air  0%         N/A       94%         3
 Ozocubu's Armour         Ice            0%         N/A       94%         3
 Airstrike                Air            0%         N/A       100%        4
 Summon Lightning Spire   Summ/Air       0%         N/A       100%        4
 Freezing Cloud           Conj/Ice/Air   0%         6-21      100%        5
 Lightning Bolt           Conj/Air       0%         1d11      100%        5
 Ozocubu's Refrigeration  Ice            0%         4d5       100%        7
 Maxwell's Capacitive Co  Air            0%         ∞         100%        8


Dungeon Overview and Level Annotations

Branches:
Dungeon (10/15)            Temple (0/1) D:5            Lair (2/6) D:9
Gauntlet (1/1)
  Swamp: Lair:2-4    Shoals: Lair:2-4     Snake: Lair:2-4    Spider: Lair:2-4
    Orc: D:9-12

Altars:
Ashenzari
Cheibriados
Dithmenos
Elyvilon
Hepliaklqana
Kikubaaqudgha
Makhleb
Nemelex Xobeh
Okawaru
Qazlal
Sif Muna
Trog
Wu Jian

Shops:
D:6 !   D:7 (

Annotations:
D:3 2 transporters, Phlounder's ghost, amateur DjIE
D:10 exclusion: ice statue Gauntlet 17 transporters


Innate Abilities, Weirdness & Mutations

Your natural rate of healing is accelerated.
You have razor-sharp teeth.
You have supernaturally acute eyesight. (SInv)
You are afflicted with vampirism and can become a bat while bloodless.


Message History

The flying skull misses you. The flying skull completely misses you.
The flying skull barely misses you.
The flying skull hits you but does no damage.
You feel yourself speed up. The flying skull hits you.
* * * LOW HITPOINT WARNING * * *
The flying skull closely misses you. The flying skull barely misses you.
The flying skull closely misses you.
You miss the flying skull.
The flying skull is almost destroyed.
The flying skull barely misses you.
The flying skull hits you but does no damage.
Unknown command.
You miss the flying skull. You bite the flying skull.
The flying skull is almost destroyed.
The flying skull hits you.
* * * LOW HITPOINT WARNING * * *
Unknown command.
You completely miss the flying skull.
The flying skull is almost destroyed.
The flying skull hits you but does no damage. x2
Unknown command.
You hit the flying skull but do no damage.
The flying skull is almost destroyed.
The flying skull barely misses you.
Unknown command.
You hit the flying skull but do no damage.
The flying skull is almost destroyed.
Unknown command.
You hit the flying skull but do no damage.
Your bite misses the flying skull.
The flying skull is almost destroyed.
The flying skull hits you.
* * * LOW HITPOINT WARNING * * *
The flying skull closely misses you. The flying skull barely misses you.
You hit the flying skull but do no damage.
Your bite misses the flying skull.
The flying skull is almost destroyed.
The flying skull closely misses you. The flying skull hits you!
* * * LOW MAGIC WARNING * * *
You die...

.#. . #.#.#.#...P..P..#.#P#..# .#
....#.#.......Gt#.#..#.## ..
######################### ##
...........©#≈≈≈≈8§§§§#©.........
#################################
#≈≈8≈≈#©.........©.........©#≈≈8≈
#################################
#3........#.#..#@z.#([#.#...≈§...
#5.##.##..#.##.z#z#..##.#§≈≈§§§≈≈
#5##...##.#.#.#..#z.#.#.#≈..≈§.§.
#5#.....#.#.#..#...#..#.#≈.≈§§§..
#©...©....#.##..#.#..##.#.≈≈..§..
#[#.....#.#.#.#..#..#.#.#....≈§.≈
#.##...##.#.#..#.©.#..#.#..≈≈§w≈.
#..##.##.5#.#..z#.#...#.#≈≈≈.§≈.≈
#.........#.#....#....#.#YYY.≈YY.


You could see a great orb of eyes shaped shifter, a fire crab and 4 flying
skulls.

Vanquished Creatures
  2 hydras
  2 two-headed ogres
  An elephant (D:9)
  A black mamba (Lair:1)
  A cane toad (Lair:1)
  Maggie (D:10)
  A gargoyle (D:10)
  2 komodo dragons (Lair:1)
  2 trolls (D:9)
  Prince Ribbit (D:5)
  8 yaks
  4 wyverns
  A basilisk (D:9)
  Menkaure (D:7)
  Duvessa (D:4)
  2 water moccasins (Lair:1)
  3 orc warriors (D:8)
  An ice beast (D:7)
  A sky beast (D:4)
  4 black bears
  4 ogres
  3 centaurs
  A necrophage (D:4)
  Blork the orc (D:4)
  4 bullfrogs
  A kobold brigand (D:7)
  2 wyvern zombies
  2 scorpions
  Dowan (D:4)
  2 water moccasin skeletons (D:5)
  3 killer bees
  15 wights
  2 howler monkeys
  A centaur zombie (D:9)
  A jelly (D:5)
  2 hounds
  A bullfrog skeleton (D:6)
  An orc priest (D:9)
  3 gnoll shamans
  An iguana (D:6)
  11 orc wizards
  A killer bee zombie (D:6)
  2 human simulacra (D:9)
  A hound skeleton (D:4)
  A howler monkey zombie (D:6)
  24 gnolls
  6 adders
  2 shadow imps
  4 dart slugs
  31 orcs
  6 ball pythons
  6 bats
  8 endoplasms
  8 goblins
  6 hobgoblins
  6 jackals
  4 quokkas
  3 training dummies (D:7)
  3 frilled lizards
  8 kobolds
  A rat (D:2)
233 creatures vanquished.

Vanquished Creatures (collateral kills)
  2 wights (D:9)
  3 orcs (D:9)
5 creatures vanquished.

Vanquished Creatures (others)
  A scorpion (D:4)
  3 demonic plants (Gauntlet)
  A fungus (Lair:2)
  16 plants
  14 withered plants (Gauntlet)
35 creatures vanquished.

Grand Total: 273 creatures vanquished

Notes
Turn   | Place    | Note
-------+----------+-------------------------------------------
     0 | D:5      | lunkers the Vampire Delver began the quest for the Orb.
     0 | D:5      | Reached XP level 1. HP: 17/17 MP: 1/1
    18 | D:5      | Noticed Prince Ribbit
    30 | D:5      | Found a hazy altar of Hepliaklqana.
   276 | D:3      | Found a shadowy altar of Dithmenos.
   282 | D:3      | Reached XP level 2. HP: 20/23 MP: 2/2
   283 | D:3      | Found a burning altar of Makhleb.
   313 | D:3      | Became a worshipper of Dithmenos the Shadowed
   321 | D:3      | Found a stormy altar of Qazlal.
   326 | D:3      | Gained mutation: You are afflicted with vampirism and can
                  | become a bat while bloodless. [Vampire growth]
   326 | D:3      | Reached XP level 3. HP: 28/28 MP: 3/3
   396 | D:3      | Found a transporter.
   397 | D:3      | Found a transporter.
  1209 | D:1      | Reached skill level 8 in Stealth
  1290 | D:1      | Found a faded altar of an unknown god.
  1961 | D:1      | Reached XP level 4. HP: 21/34 MP: 4/4
  2560 | D:3      | Found an ornate altar of the Wu Jian Council.
  2604 | D:3      | Found an ancient bone altar of Kikubaaqudgha.
  2604 | D:3      | Found a snail-covered altar of Cheibriados.
  2738 | D:3      | Identified the +6 halberd "Agit" {elec, rElec rPois}
  2740 | D:3      | Noticed Phlounder's ghost (amateur DjIE)
  2902 | D:4      | Noticed Blork the orc
  2962 | D:4      | Killed Blork the orc
  2963 | D:4      | Reached skill level 5 in Short Blades
  2963 | D:4      | Reached XP level 5. HP: 39/39 MP: 5/5
  3275 | D:4      | Noticed Duvessa
  3275 | D:4      | Noticed Dowan
  3299 | D:4      | Killed Duvessa
  3300 | D:4      | Reached skill level 9 in Stealth
  3300 | D:4      | Reached XP level 6. HP: 13/46 MP: 6/6
  3317 | D:4      | Killed Dowan
  4004 | D:4      | Reached XP level 7. HP: 45/51 MP: 7/7
  4258 | D:4      | Reached skill level 10 in Stealth
  4306 | D:5      | Reached * piety under Dithmenos
  4425 | D:5      | Reached skill level 11 in Stealth
  4444 | D:5      | Found a staircase to the Ecumenical Temple.
  4616 | D:5      | Killed Prince Ribbit
  4617 | D:5      | Reached skill level 12 in Stealth
  4617 | D:5      | Reached XP level 8. HP: 58/58 MP: 8/8
  5073 | D:6      | Reached skill level 5 in Fighting
  5333 | D:6      | Found a bloodstained altar of Trog.
  5388 | D:6      | Found a sparkling altar of Nemelex Xobeh.
  5836 | D:6      | Found Mupeubew's Distillery.
  5895 | D:6      | Reached XP level 9. HP: 63/69 MP: 9/9
  6144 | D:7      | Noticed Menkaure
  6157 | D:7      | Killed Menkaure
  6258 | D:7      | Found Silyokli's Firing Range.
  6355 | D:7      | Reached ** piety under Dithmenos
  6765 | D:8      | Noticed a black mamba
  6823 | D:7      | a black mamba changed into a hornet
  6845 | D:7      | HP: 3/71 [hornet (shapeshifter) (10)]
  7862 | D:7      | Reached skill level 13 in Stealth
  8482 | D:8      | Found a shimmering blue altar of Sif Muna.
  8686 | D:8      | Identified the +3 mace "Boereugh" {pain, rElec}
  8738 | D:8      | Reached skill level 5 in Dodging
  8977 | D:9      | HP: 3/67 [wight (10)]
  9165 | D:9      | Reached *** piety under Dithmenos
  9628 | D:9      | Reached XP level 10. HP: 60/72 MP: 8/10
  9754 | D:9      | Noticed a two-headed ogre
  9960 | D:8      | Reached skill level 14 in Stealth
 10404 | D:9      | Noticed an elephant
 10405 | D:9      | Found a staircase to the Lair.
 10529 | D:9      | Killed an elephant
 10745 | D:9      | Killed a two-headed ogre
 11124 | D:10     | Entered Level 10 of the Dungeon
 11135 | D:10     | Noticed Maggie
 11142 | D:10     | Killed Maggie
 11143 | D:10     | Reached skill level 10 in Short Blades
 11202 | D:10     | Noticed an ice statue
 11258 | D:10     | Noticed a two-headed ogre
 11301 | D:10     | Killed a two-headed ogre
 11302 | D:10     | Reached skill level 15 in Stealth
 11441 | D:10     | Noticed a gargoyle
 11444 | D:10     | Killed a gargoyle
 11445 | D:10     | Reached XP level 11. HP: 87/87 MP: 11/11
 11732 | D:10     | Found a broken altar of Ashenzari.
 11856 | D:10     | Found an iron altar of Okawaru.
 12044 | D:6      | Identified the +5 chain mail of Tomorrow {rPois Int+3 SInv}
 12226 | Lair:1   | Entered Level 1 of the Lair of Beasts
 12358 | Lair:1   | Noticed a seven-headed hydra
 12361 | Lair:1   | Killed a seven-headed hydra
 12452 | Lair:1   | Reached **** piety under Dithmenos
 13273 | Lair:2   | Noticed an eight-headed hydra
 13280 | Lair:2   | Killed an eight-headed hydra
 13291 | Lair:2   | Found a gate leading to a gauntlet.
 13300 | Gauntlet | Entered a Gauntlet
 13300 | Gauntlet | Found a transporter.
 13309 | Gauntlet | Found a transporter.
 13317 | Gauntlet | Found a transporter.
 13319 | Gauntlet | Found a transporter.
 13319 | Gauntlet | Found a transporter.
 13333 | Gauntlet | Noticed a sixfirhy
 13340 | Gauntlet | Found a transporter.
 13349 | Gauntlet | Found a transporter.
 13351 | Gauntlet | Found a transporter.
 13381 | Gauntlet | Found a transporter.
 13387 | Gauntlet | Found a transporter.
 13403 | Gauntlet | Found a transporter.
 13422 | Gauntlet | Found a transporter.
 13434 | Gauntlet | Found a transporter.
 13436 | Gauntlet | Noticed a shining eye
 13437 | Gauntlet | Noticed a glowing orange brain
 13438 | Gauntlet | Noticed a fire crab
 13442 | Gauntlet | a fire crab changed into a black mamba
 13446 | Gauntlet | Found a transporter.
 13458 | Gauntlet | Found a transporter.
 13466 | Gauntlet | Noticed a wizard
 13470 | Gauntlet | Found a transporter.
 13472 | Gauntlet | Noticed a wretched star
 13472 | Gauntlet | Noticed a wizard
 13475 | Gauntlet | Found a transporter.
 13475 | Gauntlet | Found a transporter.
 13561 | Gauntlet | Noticed a fire crab
 13584 | Gauntlet | Noticed a boulder beetle
 13584 | Gauntlet | a tyrant leech changed into a boulder beetle
 13586 | Gauntlet | Noticed a great orb of eyes
 13586 | Gauntlet | a boulder beetle changed into a great orb of eyes
 13606 | Gauntlet | HP: 4/90 [flying skull (7)]
 13615 | Gauntlet | Slain by a flying skull

Illustrated notes

Levels and vault maps discovered:
D:1:      sevenhm_arrival_forest_fort_small_6, layout_basic,
          chequers_ecumenical_altar_twisty
D:2:      layout_loops_corners
D:3:      layout_rooms, mainiacjoe_overflow_alcove_1,
          pdpol_wu_jian_five_deadly_venoms, gammafunk_temple_overflow_forgotten,
          jmf_multi_god_temple, gammafunk_ghost_gnarly_gnolls
D:4:      layout_basic, serial_co_window_serial, co_window_corner_a,
          co_window_of_opportunity_a, co_window_of_opportunity_a,
          co_window_corner_a, co_window_corner_a, co_window_of_opportunity_a,
          co_window_paths_c, co_window_cross_2, co_window_paths_c,
          co_window_of_opportunity_c, co_window_cross_3, co_window_4corner_a,
          co_window_paths_e, lemuel_old_faithful, uniq_blork_the_orc,
          uniq_duvessa
D:5:      layout_basic, mainiacjoe_overflow_cross_hatched,
          minmay_temple_entry_large_hall, uniq_prince_ribbit1
D:6:      layout_loops_ring, mainiacjoe_overflow_brackets,
          amcnicky_altar_gilded, serial_shops,
          nicolae_shop_competitors_out_of_business, columned_hall_lemuel
D:7:      layout_cave_pools, nicolae_shop_firing_range, uniq_menkaure
D:8:      layout_rooms, nicolae_sif_muna_little_library
D:9:      layout_irregular_city, david_lair_generic, bh_circular_ruins
D:10:     layout_long_grid, okawaru_altar_gauntlet_db,
          mainiacjoe_overflow_small_starburst, minmay_statue_bubble, uniq_maggie
Lair:1:   layout_cave_pods, beast_lair_carwin_5
Lair:2:   layout_regular_city, gauntlet_entry_generic, serial_bayou_shore_b,
          serial_bayou_shore_b, uniq_erica
Gauntlet: gammafunk_gauntlet_one_two_three
          [gammafunk_gauntlet_arena_arrow_garden,
          gammafunk_gauntlet_arena_split_diamond,
          nicolae_gauntlet_arena_flowing_pool, nicolae_gauntlet_arena_quarters,
          gammafunk_gauntlet_arena_grid, gammafunk_gauntlet_arena_hedges,
          gammafunk_gauntlet_arena_mazey, nicolae_gauntlet_arena_grate_2,
          nicolae_gauntlet_swirl, gauntlet_exit_watery]

Skill      XL: |  1  2  3  4  5  6  7  8  9 10 11 |
---------------+----------------------------------+-----
Short Blades   | 3 4 5 6 8 9 10 | 10.0
Stealth        | 8 9 12 13 15 | 15.3
Fighting       | 3 6 7 8 9 |  9.8
Dodging        | 3 5 7 9 |  9.5

Action                   |  1- 3 |  4- 6 |  7- 9 | 10-12 || total
-------------------------+-------+-------+-------+-------++-------
Melee: Short sword       |    92 |   108 |   780 |       ||   980
       Bite              |    12 |    11 |   127 |    53 ||   203
       Dagger            |       |       |   154 |   382 ||   536
Throw: Dart              |     8 |       |       |    15 ||    23
Invok: Shadow Step       |       |       |     1 |       ||     1
Evoke: Wand              |       |       |     1 |       ||     1
  Use: Scroll            |       |     5 |     2 |     8 ||    15
       Potion            |       |     1 |     2 |     3 ||     6
 Stab: Sleeping          |     9 |     8 |    21 |    20 ||    58
       Distracted        |     1 |     1 |     2 |     1 ||     5
       Invisible         |       |     4 |       |       ||     4
Armor: Ring mail         |    20 |    16 |       |       ||    36
       Leather armour    |     2 |       |       |       ||     2
       Robe              |       |     8 |   189 |    20 ||   217
       Skin              |       |       |    25 |       ||    25
       Swamp dragon scal |       |       |       |    43 ||    43
Dodge: Dodged            |    50 |    30 |   546 |   274 ||   900

Table legend: (Time is in decaauts)
 A = Elapsed time spent in this place.
 B = Non-inter-level travel time spent in this place.
 C = Inter-level travel time spent in this place.
 D = Time resting spent in this place.
 E = Time spent auto-exploring this place.
 F = Levels seen in this place.
 G = Mean time per level.
                   A        B        C        D        E       F      G
               +--------+--------+--------+--------+--------+-----+--------+
         Total |  13122 |  12466 |    656 |   1466 |   7402 |  13 | 1009.4 |
       Dungeon |  11786 |  11141 |    645 |   1466 |   6522 |  10 | 1178.6 |
          Lair |   1045 |   1034 |     11 |      0 |    871 |   2 |  522.5 |
      Gauntlet |    290 |    290 |      0 |      0 |      9 |   1 |  290.0 |
               +--------+--------+--------+--------+--------+-----+--------+

Top non-repeatable levels by time:
     D:8: 1706 daAuts
     D:7: 1591 daAuts
     D:4: 1449 daAuts
     D:6: 1275 daAuts
     D:9: 1274 daAuts
     D:1: 1167 daAuts
     D:5: 991 daAuts
  Lair:1: 933 daAuts
     D:2: 886 daAuts
    D:10: 801 daAuts
     D:3: 642 daAuts
Gauntlet: 290 daAuts
  Lair:2: 111 daAuts
